 Dungeon Crawl Stone Soup version 0.18-a0-1677-g2bdad6c (webtiles) character file.

499639 4thArraOfDagon the Executioner (level 24, -12/220 (232) HPs)
             Began as a Hill Orc Berserker on Apr 2, 2016.
             Was the Champion of Makhleb.
             Mangled by a sun demon (14 damage)
             ... summoned by a mummy priest
             ... on level 2 of the Tomb of the Ancients.
             The game lasted 02:21:42 (22638 turns).

4thArraOfDagon the Executioner (HOBe)              Turns: 22638, Time: 02:21:43

HP:   -12/220 (232) AC: 42    Str: 32 (33) XL:     24   Next: 53%
MP:   15/15         EV:  9    Int: 14      God:    Makhleb [******]
Gold: 3454          SH:  0    Dex: 10      Spells: 10 memorised, 13 levels left

rFire  . . .     SeeInvis .     R - +7 executioner's axe (antimagic)
rCold  . . .     Gourm    .     P - +9 plate armour {rPois}
rNeg   + + +     Faith    .     (shield currently unavailable)
rPois  +         Spirit   .     S - +3 hat of Pondering {ponderous, MR+ MP+10 Int+5}
rElec  .         Dismiss  .     W - +2 cloak
rCorr  +         Reflect  .     h - +2 pair of gloves
SustAt .         Harm     .     y - +2 pair of boots
MR     +....                    e - amulet of Vitality {Regen+ HP+15}
Stlth  ..........               L - ring "Piguvecy" {rCorr rN+ Str+2}
                                z - ring of the Turtledove {*Drain +Inv rPois rN++ Str+2}

@: flayed, slowed, very slow, somewhat resistant to hostile enchantments,
extremely unstealthy
A: frail 1, magic vulnerability 1
a: Minor Destruction, Lesser Servant of Makhleb, Major Destruction, Greater
Servant of Makhleb, Renounce Religion, Evoke Invisibility
}: 4/15 runes: serpentine, barnacled, slimy, silver


You were on level 2 of the Tomb of the Ancients.
You worshipped Makhleb.
Makhleb was exalted by your worship.
You were not hungry.

You visited 10 branches of the dungeon, and saw 52 of its levels.
You visited the Abyss 1 time.
You also visited: Ossuary, Bailey and Ice Cave.

You collected 4792 gold pieces.
You spent 1338 gold pieces at shops.

Inventory:

Hand Weapons
 R - a +7 antimagic executioner's axe (weapon)
Missiles
 b - a throwing net (quivered)
Armour
 h - a +2 pair of gloves (worn)
 y - a +2 pair of boots (worn)
 D - the +0 ring mail "Qedaho" {rPois rN+ Regen+ MP+9 Dex-2}
   (You found it on level 9 of the Dungeon)

   It affects your dexterity (-2).
   It protects you from poison.
   It protects you from negative energy.
   It affects your magic capacity (+9).
   It increases your rate of regeneration.
 P - a +9 plate armour of poison resistance (worn)
 S - the +3 hat of Pondering (worn) {ponderous, MR+ MP+10 Int+5}
   (You took it off Gastronok on level 3 of the Lair of Beasts)

   It affects your intelligence (+5).
   It affects your resistance to hostile enchantments.
   It affects your magic capacity (+10).
 W - a +2 cloak (worn)
Rods
 d - a +8 rod of inaccuracy (13/13)
   (You found it on level 5 of the Vaults)
 J - a +2 lightning rod (14/14)
   (You found it in an ice cave)
Jewellery
 e - the amulet of Vitality (around neck) {Regen+ HP+15}
   (You found it on level 5 of the Vaults)

   [amulet of regeneration]

   It affects your health (+15).
   It increases your rate of regeneration.
 p - the ring "Xeileibb" {Dex+3 Slay+2}
   (You found it on level 6 of the Pits of Slime)

   [ring of dexterity]

   It affects your dexterity (+3).
   It affects your accuracy and damage with ranged weapons and melee attacks
   (+2).
 s - an uncursed ring of protection from fire
 z - the ring of the Turtledove (left hand) {*Drain +Inv rPois rN++ Str+2}
   (You took it off a deep elf demonologist on level 3 of the Elven Halls)

   [ring of strength]

   It affects your strength (+2).
   It protects you from poison.
   It greatly protects you from negative energy.
   It lets you turn invisible.
   It causes draining when unequipped.
 G - the ring of Hyej {rElec rC+ Dex+2}
   (You found it on level 4 of the Snake Pit)

   [ring of dexterity]

   It affects your dexterity (+2).
   It protects you from cold.
   It insulates you from electricity.
 L - the ring "Piguvecy" (right hand) {rCorr rN+ Str+2}
   (You found it on level 4 of the Vaults)

   [ring of resist corrosion]

   It affects your strength (+2).
   It protects you from negative energy.
 Q - the ring "Emuimib" {+Fly MP+9 Int+4}
   (You took it off a deep elf death mage on level 3 of the Elven Halls)

   [ring of magical power]

   It affects your intelligence (+4).
   It affects your magic capacity (+9).
   It lets you fly.
Wands
 m - a wand of heal wounds (0/9)
 v - a wand of acid (8/15)
 T - a wand of disintegration (0/24)
 V - a wand of digging (2/24)
Scrolls
 f - 2 scrolls of recharging
 g - 4 scrolls of identify
 o - a scroll of fog
 q - 6 scrolls of remove curse
 w - a scroll of enchant armour
 A - a scroll of fear
 H - a scroll of silence
 I - a scroll of holy word
 M - 3 scrolls of magic mapping
Potions
 a - 11 potions of curing
 i - 5 potions of flight
 l - 3 potions of cure mutation
 t - 4 potions of resistance
 u - a potion of magic
 B - 4 potions of ambrosia
 K - 4 potions of agility
 O - 3 potions of invisibility
Miscellaneous
 k - a plain deck of summoning {drawn: 3}
 r - a lamp of fire
 x - a fan of gales
 E - a sack of spiders
 N - a fan of gales
 U - a box of beasts
 X - a box of beasts
Comestibles
 c - 9 bread rations
 F - 3 meat rations


   Skills:
 - Level 25.1 Fighting
 - Level 26.0 Axes
 - Level 19.4 Armour
 - Level 1.5 Dodging
 - Level 10.0 Spellcasting
 * Level 10.9 Hexes
 - Level 5.4 Charms
 - Level 5.7 Necromancy
 - Level 6.3 Translocations
 * Level 9.3 Air Magic
 - Level 4.2 Evocations


You had 13 spell levels left.
You knew the following spells:

 Your Spells              Type           Power        Failure   Level  Hunger
a - Apportation           Tloc           ###.......   3%          1    None
b - Swiftness             Chrm/Air       ####....     3%          2    None
c - Song of Slaying       Chrm           ###.....     10%         2    None
d - Repel Missiles        Chrm/Air       ####..       3%          2    None
e - Regeneration          Chrm/Necr      ###.......   14%         3    #......
f - Spectral Weapon       Hex/Chrm       ####....     4%          3    #......
g - Haste                 Chrm           ###.....     100%        6    ######.
h - Passage of Golubria   Tloc           N/A          34%         4    ###....
i - Silence               Hex/Air        #####.....   17%         5    #####..
j - Blink                 Tloc           N/A          6%          2    None


Dungeon Overview and Level Annotations

Branches:
Dungeon (15/15)            Temple (0/1) D:6            Lair (8/8) D:11
 Shoals (4/4) Lair:4        Snake (4/4) Lair:6        Slime (6/6) Lair:8
    Orc (2/2) D:12            Elf (3/3) Orc:2        Vaults (5/5) D:14
  Crypt (3/3) Vaults:3       Tomb (2/3) Crypt:3
 Depths: D:15

Altars:
Cheibriados
Dithmenos
Kikubaaqudgha
Makhleb
Qazlal
Ru
Trog
Xom
Beogh

Shops:
D:5 }   D:10 !   D:11 %   D:15 =   Orc:2 =*([   Elf:3 (

Portals:
Hell: Lair:8
Trove: D:13 (give wand of hasting (9))

Annotations:
D:9 Prince Ribbit
Lair:5 exclusion: upstairs
Snake:3 Vashnia
Vaults:4 exclusion: obsidian statue
Tomb:2 Khufu


Innate Abilities, Weirdness & Mutations

You are slightly vulnerable to magic.
You are frail (-10% HP).


Message History

The mummy priest mumbles some strange prayers to its god against you.
Something smites you!
* * * LOW HITPOINT WARNING * * *
Unknown command.
Unknown command.
Unknown command.
You hit the flayed ghost.
The flayed ghost's magic leaks into the air.
The flayed ghost is lightly damaged.
You slice the sun demon!!
The sun demon is heavily wounded.
The sun demon hits you!
* * * LOW HITPOINT WARNING * * *
You are engulfed in flames!!
* * * LOW HITPOINT WARNING * * *
The mummy priest mumbles some strange prayers to its god.
The sun demon hits you!
* * * LOW HITPOINT WARNING * * *
You are engulfed in flames!
You die...

############ #.W..Z<.^..#
...#.MZZW@...M#
...M.n..3.^..^'...
...#WV.W.^....#...
#..........# ..
#############################
#................†............
#............##.##............
#..##.......##...##.......##..
#$.##.....................##..


You could see 2 mummy priests, a jiangshi, a flayed ghost, a sun demon, a
guardian mummy, a hungry ghost, a necrophage, 2 shadows, a shock serpent
simulacrum, a naga zombie and a titan zombie.

Vanquished Creatures
  2 ancient liches
  16 greater mummies
  Boris (Crypt:2)
  Nikola (Shoals:1)
  A Brimstone Fiend (Tomb:2)
  4 tentacled monstrosities (Vaults:5)
  2 liches
  An Ice Fiend (IceCv)
  8 titans
  The ghost of 4thArraOfDagon the Executioner, an adept HOBe of Trog (Slime:6)
  15 acid blobs
  2 deep elf blademasters (Elf:3)
  2 deep elf master archers (Elf:3)
  9 sphinxes
  Polyphemus (Shoals:2)
  4 ancient champions
  Gastronok (Lair:3)
  3 shadow dragons
  2 storm dragons
  8 azure jellies
  A greater naga (Snake:4)
  2 tengu reavers (Vaults:5)
  3 fire giants (Vaults:5)
  3 revenants
  An iron dragon (Vaults:5)
  4 frost giants
  4 deep elf sorcerers
  Aizul (Snake:3)
  3 deep elf elementalists (Elf:3)
  12 vault wardens
  A curse skull (Crypt:2)
  4 ghouls (Crypt:3)
  4 war gargoyles (Vaults:5)
  20 stone giants
  8 deep elf demonologists
  19 ironheart preservers
  4 very ugly things (Vaults:4)
  2 salamander stormcallers
  8 deep elf annihilators
  2 vampire knights (Crypt:2)
  Snorg (Lair:7)
  4 merfolk impalers
  12 mummy priests
  4 ettins (Vaults:5)
  34 vault guards
  3 merfolk javelineers (Shoals:4)
  13 deep elf death magi
  5 deep elf high priests
  11 yaktaur captains
  5 jiangshi
  5 death oozes
  4 great orbs of eyes
  11 ogre magi
  5 hydras
  2 ice dragons
  7 naga warriors
  Erolcha (D:12)
  A catoblepas (Shoals:1)
  4 centaur warriors
  A hell beast (Lair:8)
  2 death knights
  4 merfolk aquamancers
  4 deep troll shamans
  4 anacondas
  3 death yaks
  4 dancing weapons
  2 tengu warriors (D:14)
  A satyr (Shoals:4)
  2 deep troll earth magi
  A vampire mage (Crypt:2)
  5 naga sharpshooters (Snake:4)
  An orc high priest (Orc:2)
  A shock serpent (Snake:4)
  A soul eater (Crypt:2)
  2 iron trolls
  12 deep elf knights
  2 shadow wraiths (Vaults:4)
  14 skeletal warriors
  3 unseen horrors
  28 death scarabs
  3 sea snakes
  3 fire crabs
  21 deep trolls
  2 flayed ghosts
  8 anubis guards (Tomb:1)
  3 naga ritualists
  9 phantasmal warriors
  2 wizards
  8 deep elf archers
  A shadow dragon zombie (Tomb:2)
  18 hill giants
  A necromancer (Vaults:4)
  8 ironbrand convokers
  An anubis guard (shapeshifter) (Vaults:5)
  6 orc knights
  A hornet (Vaults:1)
  14 ugly things
  3 orc sorcerers
  11 harpies
  6 mana vipers
  7 cyclopes
  2 salamanders
  25 deep elf magi
  A shining eye (Slime:6)
  A fire giant zombie (Tomb:2)
  6 griffons
  7 fauns
  5 manticores
  A moth of wrath (shapeshifter) (Vaults:5)
  A siren (Shoals:3)
  A stone giant skeleton (Crypt:2)
  12 vault sentinels
  2 guardian serpents (Snake:3)
  4 elephants (Lair:6)
  26 black mambas
  A smoke demon (Abyss:2)
  5 eyes of devastation
  Psyche (Lair:6)
  6 naga magi
  A pale draconian zombie (Crypt:2)
  5 spiny frogs
  5 orange demons (Lair:8)
  2 kobold demonologists (Vaults:3)
  6 komodo dragons
  A dire elephant skeleton (Crypt:2)
  5 rime drakes
  An efreet (Abyss:2)
  10 freezing wraiths
  A green draconian skeleton (Crypt:3)
  An anaconda simulacrum (IceCv)
  16 guardian mummies
  38 yaktaurs
  A tengu conjurer (D:14)
  A yaktaur zombie (Vaults:4)
  A hellwing (Lair:8)
  A human skeleton (Vaults:4)
  5 ice devils
  A hydra zombie (Tomb:1)
  2 wind drakes (shapeshifter)
  4 red devils (Lair:8)
  8 trolls
  9 merfolk
  A giant leech (shapeshifter) (Vaults:5)
  3 boulder beetles
  4 large abominations
  16 polar bears
  2 snapping turtles
  A hydra skeleton (Crypt:2)
  36 slime creatures
  21 two-headed ogres
  2 ushabtiu (Tomb:1)
  17 blink frogs
  A fire giant simulacrum (Vaults:4)
  A satyr zombie (Crypt:1)
  8 redbacks (Vaults:3)
  An alligator zombie (Crypt:1)
  Sigmund (D:5)
  A tarantella (Vaults:3)
  7 water elementals
  13 flying skulls
  5 wraiths
  31 yaks
  2 dire elephant simulacra (IceCv)
  3 fire bats (Abyss:2)
  A ynoxinul (Abyss:2)
  An air elemental (Elf:2)
  A basilisk (shapeshifter) (D:14)
  6 basilisks
  A wyvern (D:14)
  2 fire elementals
  7 hippogriffs
  A death yak simulacrum (IceCv)
  3 golden eyes (Slime:5)
  7 vampire mosquitoes
  6 humans (Lair:6)
  A hungry ghost (D:14)
  2 wargs (Orc:2)
  10 nagas
  2 harpy simulacra (IceCv)
  6 iron troll simulacra (IceCv)
  A hydra simulacrum (IceCv)
  6 porcupines
  9 water moccasins
  2 phantoms
  46 orc warriors
  10 ice beasts
  An ice beast (shapeshifter) (Vaults:4)
  2 sky beasts
  An anubis guard zombie (Crypt:2)
  9 black bears
  7 eyes of draining
  A swamp dragon skeleton (Crypt:3)
  3 necrophages
  3 centaurs
  5 wolves (Lair:4)
  A blink frog skeleton (Crypt:2)
  32 ogres
  11 crocodiles
  4 big kobolds
  A dryad zombie (Crypt:3)
  13 giant frogs
  A water moccasin zombie (Ossuary)
  A wyvern zombie (D:12)
  A glowing shapeshifter simulacrum (Vaults:3)
  A hell hound skeleton (Crypt:1)
  A swamp dragon simulacrum (IceCv)
  A troll zombie (Crypt:3)
  An elephant simulacrum (IceCv)
  A human simulacrum (Vaults:3)
  5 killer bees (D:8)
  3 wights (D:9)
  3 electric eels
  A howler monkey (D:12)
  4 crimson imps
  7 bog bodies (Ossuary)
  5 centaur zombies
  20 jellies
  A basilisk zombie (Crypt:3)
  8 hounds
  A centaur skeleton (D:10)
  A giant frog skeleton (D:3)
  2 giant frog zombies
  A demonspawn zombie (Crypt:1)
  A human zombie (Crypt:3)
  21 orc priests
  20 orc wizards
  Jessica (D:3)
  12 iguanas
  A worker ant (shapeshifter) (Vaults:1)
  7 hell rats (Lair:4)
  4 troll simulacra (IceCv)
  A boulder beetle simulacrum (Vaults:3)
  5 worker ants
  A killer bee zombie (Ossuary)
  21 sheep
  2 wolf simulacra (IceCv)
  2 centaur simulacra (IceCv)
  A mottled dragon skeleton (Crypt:2)
  2 hound zombies
  50 mummies
  4 worker ant zombies (Ossuary)
  A howler monkey zombie (Ossuary)
  4 gnolls (D:4)
  8 adders
  3 naga simulacra (IceCv)
  An ogre simulacrum (IceCv)
  25 river rats
  2 shadow imps
  8 white imps (IceCv)
  3 ufetubi
  2 oozes (Lair:8)
  An ooze (shapeshifter) (Vaults:5)
  An adder zombie (Ossuary)
  An adder skeleton (D:4)
  2 dart slugs (D:3)
  2 giant geckos (D:3)
  94 orcs
  3 ball pythons (Lair:6)
  A bat (D:3)
  3 giant cockroaches
  7 goblins
  2 hobgoblins (D:3)
  17 jackals
  20 kobolds
  A quokka (D:4)
  3 giant newts
  An orc skeleton (Tomb:2)
  2 quokka zombies (Ossuary)
  3 rats
  3 crawling corpses (Vaults:5)
  3 fungi
  4 plants
1646 creatures vanquished.

Vanquished Creatures (collateral kills)
  the Royal Jelly (Slime:6)
  Saint Roka (Orc:2)
  An acid blob (Slime:6)
  An azure jelly (Slime:6)
  4 death oozes (Slime:6)
  A naga warrior (Snake:3)
  An orc sorcerer (Orc:2)
  2 ice devils (IceCv)
  A slime creature (Slime:6)
  3 hydra simulacra (IceCv)
  4 orc warriors
  An orc priest (Orc:2)
  3 orcs
24 creatures vanquished.

Vanquished Creatures (others)
  A frost giant (Shoals:4)
  A vault warden (Vaults:5)
  A dancing weapon (Elf:3)
  A deep elf knight (Elf:3)
  23 death scarabs
  A hill giant (Tomb:2)
  A cyclops (Shoals:4)
  A two-headed ogre (Tomb:1)
  2 ogres (Vaults:1)
  4 mummies
  A white imp (IceCv)
  3 fungi (Lair:8)
  2 lost souls
  4 plants
46 creatures vanquished.

Grand Total: 1716 creatures vanquished

Notes
Turn   | Place    | Note
--------------------------------------------------------------
     0 | D:1      | 4thArraOfDagon the Hill Orc Berserker began the quest for the Orb.
     0 | D:1      | Reached XP level 1. HP: 19/19 MP: 1/1
    15 | D:1      | Reached XP level 2. HP: 27/27 MP: 2/2
   123 | D:3      | Found a burning altar of Makhleb.
   123 | D:3      | Noticed a crimson imp
   125 | D:3      | Found a shimmering altar of Xom.
   132 | D:3      | Paralysed by a crimson imp for 7 turns
   167 | D:3      | Reached XP level 3. HP: 14/33 MP: 3/3
   168 | D:3      | Reached skill level 5 in Axes
   255 | D:4      | Reached XP level 4. HP: 16/41 MP: 4/4
   255 | D:4      | Reached ** piety under Trog
   302 | D:3      | Noticed Jessica
   314 | D:3      | Killed Jessica
   422 | D:3      | Reached skill level 6 in Axes
   422 | D:3      | Reached XP level 5. HP: 47/47 MP: 5/5
   478 | D:4      | Reached skill level 5 in Fighting
   540 | D:3      | Found a snail-covered altar of Cheibriados.
   587 | D:3      | Reached XP level 6. HP: 56/56 MP: 6/6
   660 | D:4      | Reached skill level 7 in Axes
   676 | D:4      | Found a stormy altar of Qazlal.
   732 | D:5      | Entered Level 5 of the Dungeon
   813 | D:5      | Reached *** piety under Trog
   850 | D:5      | Noticed Sigmund
   861 | D:5      | Killed Sigmund
   861 | D:5      | Reached skill level 8 in Axes
   861 | D:5      | Reached XP level 7. HP: 62/62 MP: 7/7
   919 | D:5      | Found Pehih's Gadget Boutique.
  1049 | D:6      | Found a stormy altar of Qazlal.
  1149 | D:6      | Found a staircase to the Ecumenical Temple.
  1226 | D:7      | Found a sand-covered staircase.
  1230 | Ossuary  | Entered an ossuary
  1245 | Ossuary  | Reached skill level 9 in Axes
  1250 | Ossuary  | Reached XP level 8. HP: 60/71 MP: 8/8
  1271 | Ossuary  | Reached skill level 5 in Armour
  1385 | Ossuary  | Reached skill level 10 in Axes
  1642 | D:8      | Reached skill level 11 in Axes
  1643 | D:8      | Reached XP level 9. HP: 68/79 MP: 9/9
  1660 | D:8      | Gained mutation: Your spells are a little harder to cast, but a little more powerful. [mutagenic meat]
  1661 | D:8      | Gained mutation: You have large cloven feet. [mutagenic meat]
  1662 | D:8      | Lost mutation: Your spells are a little harder to cast, but a little more powerful. [mutagenic meat]
  1663 | D:8      | Gained mutation: Your natural rate of healing is unusually fast. [mutagenic meat]
  1681 | D:8      | Found a shadowy altar of Dithmenos.
  1833 | D:9      | Reached skill level 10 in Fighting
  1833 | D:9      | Reached skill level 15 in Axes
  1833 | D:9      | Reached XP level 10. HP: 94/94 MP: 10/10
  1976 | D:9      | Got a spiked ring mail
  2027 | D:9      | Got a warped ring mail
  2040 | D:9      | Identified the +0 ring mail of Wekadwai {rElec rC- Int+6} (You found it on level 9 of the Dungeon)
  2050 | D:9      | Identified the cursed +0 ring mail "Qedaho" {rPois rN+ Regen+ MP+9 Dex-2} (You found it on level 9 of the Dungeon)
  2050 | D:9      | :)
  2050 | D:9      | LOL
  2164 | D:10     | Entered Level 10 of the Dungeon
  2335 | D:10     | Found Namenico's Distillery.
  2342 | D:10     | Bought a potion of heal wounds for 70 gold pieces
  2342 | D:10     | Bought a potion of haste for 140 gold pieces
  2342 | D:10     | Bought a potion of heal wounds for 70 gold pieces
  2546 | D:11     | Reached XP level 11. HP: 96/102 MP: 11/11
  2597 | D:9      | Noticed Prince Ribbit
  2637 | D:11     | Found a staircase to the Lair.
  2650 | D:11     | Found Howk's Food Shop.
  2660 | D:11     | Reached **** piety under Trog
  2787 | D:10     | Bought 2 potions of mutation for 70 gold pieces
  2787 | D:10     | Gained mutation: You are clumsy. (Dex -2) [potion of mutation]
  2787 | D:10     | Gained mutation: You possess an exceptional clarity of mind. [potion of mutation]
  2787 | D:10     | Gained mutation: You are resistant to electric shocks. [potion of mutation]
  2788 | D:10     | Lost mutation: You possess an exceptional clarity of mind. [potion of mutation]
  2788 | D:10     | Gained mutation: Armour fits poorly on your strangely shaped body. [potion of mutation]
  2788 | D:10     | Gained mutation: You are frail (-10% HP). [potion of mutation]
  2789 | D:10     | :(
  2909 | D:12     | Reached skill level 16 in Axes
  2930 | D:12     | Reached skill level 10 in Armour
  2996 | D:12     | Noticed a hill giant
  3016 | D:12     | Yermak: BAxe
  3017 | D:12     | Found a burning altar of Makhleb.
  3037 | D:12     | Noticed a manticore
  3042 | D:12     | Killed a manticore
  3043 | D:12     | Killed a hill giant
  3125 | D:13     | Found a flagged portal.
  3139 | Bailey   | Entered a bailey
  3139 | Bailey   | Noticed an orc knight
  3139 | Bailey   | Noticed an orc knight
  3144 | Bailey   | jacquesderrida: Thanks
  3189 | Bailey   | jacquesderrida: Monies
  3243 | Bailey   | Reached skill level 1 in Evocations
  3244 | Bailey   | Killed an orc knight
  3261 | Bailey   | Killed an orc knight
  3366 | D:13     | Found a portal to a secret trove of treasure.
  3455 | D:14     | Noticed a deep elf mage
  3463 | D:14     | Killed a deep elf mage
  3484 | D:14     | Killed an unseen horror
  3650 | D:14     | Noticed a manticore
  3662 | D:14     | Killed a manticore
  3666 | D:14     | Noticed a cyclops
  3701 | D:14     | Killed a cyclops
  3701 | D:14     | Reached skill level 17 in Axes
  3738 | D:14     | Found a sacrificial altar of Ru.
  3739 | D:14     | Noticed a tengu warrior
  3743 | D:15     | Entered Level 15 of the Dungeon
  3743 | D:15     | Found Loijiheg's Jewellery Emporium.
  3749 | D:15     | Bought the amulet of the Forsaken Blessings {Fragile +Rage Str+5 Int+2} for 841 gold pieces
  3873 | D:14     | Reached XP level 12. HP: 99/99 MP: 15/15
  3978 | D:14     | Noticed an ogre mage
  3992 | D:14     | Killed an ogre mage
  4006 | D:14     | Found a gate to the Vaults.
  4099 | D:13     | Lost mutation: You are clumsy. (Dex -2) [potion of cure mutation]
  4099 | D:13     | Lost mutation: Armour fits poorly on your strangely shaped body. [potion of cure mutation]
  4099 | D:13     | Lost mutation: You are frail (-10% HP). [potion of cure mutation]
  4099 | D:13     | Lost mutation: You have large cloven feet. [potion of cure mutation]
  4099 | D:13     | Lost mutation: Your natural rate of healing is unusually fast. [potion of cure mutation]
  4183 | D:12     | Yermak: What's the cost?
  4186 | D:12     | Noticed Erolcha
  4200 | D:12     | Killed Erolcha
  4200 | D:12     | Reached skill level 18 in Axes
  4330 | D:12     | Found a staircase to the Orcish Mines.
  4356 | Orc:1    | Entered Level 1 of the Orcish Mines
  4378 | Orc:1    | Reached ***** piety under Trog
  4390 | Orc:1    | 4thArraOfDagon: wand of hasting
  4416 | Orc:1    | Found a roughly hewn altar of Beogh.
  4471 | Orc:2    | Entered Level 2 of the Orcish Mines
  4511 | Orc:2    | Found a roughly hewn altar of Beogh.
  4537 | Orc:2    | Received a gift from Trog
  4746 | Orc:2    | Found a roughly hewn altar of Beogh.
  4758 | Orc:2    | Found a roughly hewn altar of Beogh.
  4796 | Orc:2    | Found a roughly hewn altar of Beogh.
  4972 | Orc:2    | Found a staircase to the Elven Halls.
  4988 | Orc:2    | Found a roughly hewn altar of Beogh.
  4989 | Orc:2    | Found Yderock's Jewellery Boutique.
  5002 | Orc:2    | Reached skill level 19 in Axes
  5047 | Orc:2    | Found a roughly hewn altar of Beogh.
  5066 | Orc:2    | Found Vuapuc's General Store.
  5074 | Orc:2    | Bought a scroll of teleportation for 39 gold pieces
  5107 | Orc:2    | Found a roughly hewn altar of Beogh.
  5220 | Orc:2    | Reached XP level 13. HP: 97/116 MP: 16/16
  5333 | Orc:2    | Noticed Saint Roka
  5386 | Orc:2    | Killed Saint Roka
  5422 | Orc:2    | Found Fijeehex's Antique Armour Emporium.
  5422 | Orc:2    | Found a roughly hewn altar of Beogh.
  5426 | Orc:2    | Found Ibes's Antique Weapon Shoppe.
  5439 | Orc:2    | Bought a runed helmet for 108 gold pieces
  5556 | D:12     | Received a gift from Trog
  5649 | D:12     | Reached skill level 20 in Axes
  5771 | Lair:1   | Entered Level 1 of the Lair of Beasts
  6102 | Lair:3   | Noticed Gastronok
  6113 | Lair:3   | Killed Gastronok
  6523 | Lair:6   | Received a gift from Trog
  6579 | Lair:8   | Entered Level 8 of the Lair of Beasts
  6592 | Lair:8   | Reached skill level 21 in Axes
  6670 | Lair:8   | Reached XP level 14. HP: 99/124 MP: 5/17
  6999 | Lair:8   | Found a burning altar of Makhleb.
  7130 | Lair:8   | Reached skill level 22 in Axes
  7145 | Lair:8   | Found a gateway to Hell.
  7160 | Lair:8   | QUALTIY
  7313 | Lair:7   | Noticed Snorg
  7322 | Lair:7   | Killed Snorg
  7493 | Lair:6   | Received a gift from Trog
  7741 | Lair:6   | Found a staircase to the Snake Pit.
  7904 | Lair:4   | Found a staircase to the Shoals.
  7909 | Shoals:1 | Entered Level 1 of the Shoals
  7912 | Shoals:1 | Noticed Nikola
  7940 | Shoals:1 | Killed Nikola
  7940 | Shoals:1 | Reached skill level 23 in Axes
  8027 | Shoals:1 | Reached XP level 15. HP: 101/130 MP: 6/18
  8091 | Shoals:1 | Received a gift from Trog
  8095 | Shoals:1 | Found a frozen archway.
  8138 | IceCv    | Entered an ice cave
  8500 | IceCv    | Noticed an Ice Fiend
  8686 | IceCv    | Killed an Ice Fiend
  8686 | IceCv    | Reached skill level 15 in Armour
  8829 | IceCv    | jacquesderrida: heh
  8851 | IceCv    | jacquesderrida: zher
  9018 | Shoals:2 | Noticed Polyphemus
  9051 | Shoals:2 | Reached skill level 24 in Axes
  9052 | Shoals:2 | Killed Polyphemus
  9666 | Shoals:4 | Entered Level 4 of the Shoals
  9779 | Shoals:4 | Identified a +2 rod of inaccuracy (13/13) (You found it on level 4 of the Shoals)
  9873 | Shoals:4 | Noticed a frost giant
  9874 | Shoals:4 | Noticed a frost giant
  9896 | Shoals:4 | Killed a frost giant
  9903 | Shoals:4 | Reached XP level 16. HP: 136/138 MP: 6/19
  9917 | Shoals:4 | Reached skill level 25 in Axes
  9966 | Shoals:4 | Got a barnacled rune of Zot
 10049 | Shoals:1 | minicreteconcrete: http://minicreteconcrete.com.au/
 10234 | Lair:5   | Received a gift from Trog
 10260 | Snake:1  | Entered Level 1 of the Snake Pit
 10330 | Snake:4  | Entered Level 4 of the Snake Pit
 10383 | Snake:4  | Found a bloodstained altar of Trog.
 10437 | Snake:4  | Got a glittering marble ring
 10438 | Snake:4  | Identified the ring of Hyej {rElec rC+ Dex+2} (You found it on level 4 of the Snake Pit)
 10478 | Snake:3  | Noticed Vashnia
 10555 | Snake:4  | jacquesderrida: concretin
 10596 | Snake:4  | jacquesderrida: :dancing:
 10936 | Snake:4  | Noticed a greater naga
 10958 | Snake:4  | Killed a greater naga
 11077 | Snake:4  | Noticed a greater naga
 11114 | Snake:4  | Noticed a greater naga
 11235 | Snake:4  | Reached skill level 26 in Axes
 11268 | Snake:4  | Noticed a greater naga
 11268 | Snake:4  | Noticed a greater naga
 11269 | Snake:4  | Noticed a greater naga
 11275 | Snake:4  | Got a serpentine rune of Zot
 11315 | Snake:3  | BAD
 11410 | Snake:3  | Noticed Aizul
 11431 | Snake:3  | Killed Aizul
 11597 | Lair:6   | Noticed Psyche
 11608 | Lair:6   | Killed Psyche
 11823 | Lair:8   | Found a staircase to the Slime Pits.
 11842 | Slime:1  | Entered Level 1 of the Pits of Slime
 11842 | Slime:1  | Noticed an azure jelly
 11846 | Slime:1  | Noticed an acid blob
 11848 | Slime:1  | Killed an azure jelly
 11848 | Slime:1  | Reached XP level 17. HP: 148/148 MP: 9/20
 11893 | Slime:1  | Killed an acid blob
 11933 | Slime:2  | Noticed an acid blob
 11941 | Slime:2  | Killed an acid blob
 12072 | Slime:3  | Noticed an acid blob
 12152 | Slime:3  | Killed an acid blob
 12194 | Slime:4  | Noticed an acid blob
 12201 | Slime:4  | Killed an acid blob
 12380 | Slime:5  | Noticed an acid blob
 12638 | Slime:5  | Killed an acid blob
 12911 | Slime:6  | Entered Level 6 of the Pits of Slime
 12911 | Slime:6  | Noticed 4thArraOfDagon's ghost (adept HOBe)
 12912 | Slime:6  | LOL
 12979 | Slime:6  | Noticed an acid blob
 12995 | Slime:6  | Killed an acid blob
 13165 | Slime:6  | Noticed an acid blob
 13179 | Slime:6  | Killed an acid blob
 13231 | Slime:6  | Noticed an acid blob
 13245 | Slime:6  | Killed an acid blob
 13249 | Slime:6  | Noticed an acid blob
 13317 | Slime:6  | Gained mutation: You regenerate slowly when monsters are visible. [a shining eye]
 13321 | Slime:6  | FUCK
 13321 | Slime:6  | Lost mutation: You regenerate slowly when monsters are visible. [potion of cure mutation]
 13321 | Slime:6  | Lost mutation: You are resistant to electric shocks. [potion of cure mutation]
 13340 | Slime:6  | Killed 4thArraOfDagon's ghost
 13365 | Slime:5  | Noticed an acid blob
 13414 | Slime:5  | Killed an acid blob
 13467 | Slime:5  | Reached skill level 15 in Fighting
 13553 | Slime:6  | Noticed the Royal Jelly
 13557 | Slime:6  | Noticed an acid blob
 13558 | Slime:6  | Noticed an acid blob
 13563 | Slime:6  | Killed an acid blob
 13564 | Slime:6  | Killed an acid blob
 13565 | Slime:6  | Killed the Royal Jelly
 13568 | Slime:6  | Noticed an acid blob
 13571 | Slime:6  | Noticed an acid blob
 13617 | Slime:6  | Reached XP level 18. HP: 110/163 MP: 7/21
 13841 | Slime:6  | :)
 13841 | Slime:6  | 4thArraOfDagon: :)
 13857 | Slime:6  | Got a slimy rune of Zot
 13983 | Slime:6  | Got a crude hat
 13989 | Slime:6  | Got a transparent brass amulet
 13993 | Slime:6  | Identified the amulet of Contentment {Spirit +Blink MR- Int+2} (You found it on level 6 of the Pits of Slime)
 14012 | Slime:6  | Got a fine tin ring
 14035 | Slime:6  | Identified the cursed +0 hat of Hucig {Int+2} (You found it on level 6 of the Pits of Slime)
 14036 | Slime:6  | Identified the ring "Xeileibb" {Dex+3 Slay+2} (You found it on level 6 of the Pits of Slime)
 14478 | D:14     | Fell from the grace of Trog
 14478 | D:14     | Became a worshipper of Ru the Awakened
 14764 | Elf:1    | Entered Level 1 of the Elven Halls
 14860 | Elf:1    | Learned a level 1 spell: Apportation
 14863 | Elf:1    | Learned a level 2 spell: Swiftness
 14866 | Elf:1    | Learned a level 2 spell: Song of Slaying
 14869 | Elf:1    | Learned a level 2 spell: Repel Missiles
 14873 | Elf:1    | Learned a level 3 spell: Regeneration
 14877 | Elf:1    | Learned a level 3 spell: Spectral Weapon
 14930 | Elf:3    | Entered Level 3 of the Elven Halls
 15034 | Elf:3    | Reached skill level 1 in Necromancy
 15081 | Elf:3    | Paralysed by Trog for 7 turns
 15113 | Elf:3    | Reached skill level 1 in Charms
 15272 | Elf:3    | Gained mutation: You are slightly vulnerable to magic. [Ru sacrifice]
 15272 | Elf:3    | Reached * piety under Ru
 15468 | Elf:3    | Found Appam's Antique Weapon Shop.
 15652 | Elf:3    | Reached skill level 1 in Spellcasting
 15688 | Elf:3    | Noticed a deep elf master archer
 15742 | Elf:3    | Killed a deep elf master archer
 15752 | Elf:3    | Noticed a Hell Sentinel
 15768 | Elf:3    | Noticed a deep elf master archer
 15773 | Elf:3    | Killed a deep elf master archer
 15773 | Elf:3    | Reached skill level 5 in Necromancy
 15794 | Elf:3    | Reached XP level 19. HP: 68/174 MP: 4/22
 15797 | Elf:3    | Reached skill level 5 in Charms
 15842 | Elf:3    | Got a shimmering tin ring
 15848 | Elf:3    | Identified the ring of the Turtledove {*Drain +Inv rPois rN++ Str+2} (You took it off a deep elf demonologist on level 3 of the Elven Halls)
 16202 | Elf:3    | Learned a level 6 spell: Haste
 16207 | Elf:3    | Learned a level 4 spell: Passage of Golubria
 16352 | Elf:3    | Got a bound steel ring
 16353 | Elf:3    | Identified the ring "Emuimib" {+Fly MP+9 Int+4} (You took it off a deep elf death mage on level 3 of the Elven Halls)
 16380 | Elf:3    | Got a heavily runed chain mail
 16381 | Elf:3    | Identified the +5 chain mail of Sif Muna's Envy {Str+3} (You found it on level 3 of the Elven Halls)
 16553 | D:12     | Reached skill level 5 in Spellcasting
 16631 | Vaults:1 | Entered Level 1 of the Vaults
 17102 | D:12     | Fell from the grace of Ru
 17102 | D:12     | Became a worshipper of Makhleb the Destroyer
 17448 | Vaults:2 | Reached * piety under Makhleb
 17605 | Vaults:5 | Entered Level 5 of the Vaults
 17616 | Vaults:4 | Reached ** piety under Makhleb
 17765 | Vaults:4 | Learned a level 5 spell: Silence
 17766 | Vaults:4 | Got a faintly glowing pewter ring
 17768 | Vaults:4 | Identified the ring "Piguvecy" {rCorr rN+ Str+2} (You found it on level 4 of the Vaults)
 17817 | Vaults:4 | Reached XP level 20. HP: 182/182 MP: 11/33
 17933 | Vaults:4 | Reached skill level 10 in Spellcasting
 17934 | Vaults:4 | emiel: not using that awesome vamp axe for V:5?
 17941 | Vaults:4 | emiel: tab tab tab
 17941 | Vaults:4 | 4thArraOfDagon: what axe
 17941 | Vaults:4 | emiel: didnt you have a +6 battleaxe?
 17941 | Vaults:4 | 4thArraOfDagon: that was like 10 games ago
 17941 | Vaults:4 | emiel: with relec and rf+
 17941 | Vaults:4 | emiel: OH
 17941 | Vaults:4 | emiel: wow
 17941 | Vaults:4 | emiel: :P
 17941 | Vaults:4 | emiel: excuse me
 17941 | Vaults:4 | jacquesderrida: Battle eggs
 17941 | Vaults:4 | 4thArraOfDagon: i splatted better orcs
 17941 | Vaults:4 | 4thArraOfDagon: :)
 17941 | Vaults:4 | emiel: hehe
 17971 | Vaults:4 | Reached *** piety under Makhleb
 18064 | Vaults:5 | HP: 9/183 [deep elf archer/arrow (4)]
 18198 | Vaults:4 | 4thArraOfDagon: hmmm
 18198 | Vaults:4 | 4thArraOfDagon: cancelation
 18198 | Vaults:4 | 4thArraOfDagon: doesnt remove exg
 18253 | Vaults:4 | Reached **** piety under Makhleb
 18521 | Vaults:4 | Reached ***** piety under Makhleb
 18661 | Vaults:3 | Reached XP level 21. HP: 180/200 MP: 15/35
 18866 | Vaults:5 | Cast into level 2 of the Abyss (a deep elf demonologist)
 18907 | Abyss:2  | Reached ****** piety under Makhleb
 18955 | Vaults:5 | Escaped the Abyss
 19074 | Vaults:5 | Identified the Almanac of Quantum Attacks
 19079 | Vaults:5 | Noticed an ancient lich
 19104 | Vaults:5 | Killed an ancient lich
 19197 | Vaults:5 | Reached skill level 5 in Translocations
 19472 | Vaults:5 | Reached XP level 22. HP: 155/215 MP: 12/36
 19564 | Vaults:5 | Got a silver rune of Zot
 19570 | Vaults:5 | Identified the Guide on Lightness and the Voyage (You found it on level 5 of the Vaults)
 19574 | Vaults:5 | Learned a level 2 spell: Blink
 19870 | Vaults:5 | Identified a +8 rod of inaccuracy (13/13) (You found it on level 5 of the Vaults)
 20192 | Vaults:4 | jacquesderrida: hi
 20232 | Vaults:3 | 4thArraOfDagon: hi
 20395 | Vaults:3 | Found a staircase to the Crypt.
 20404 | Crypt:1  | Entered Level 1 of the Crypt
 20630 | Crypt:2  | Noticed Boris
 20649 | Crypt:2  | Killed Boris
 20649 | Crypt:2  | Reached XP level 23. HP: 232/232 MP: 13/37
 20809 | Crypt:3  | Entered Level 3 of the Crypt
 20914 | Crypt:3  | Found a staircase to the Tomb.
 20957 | Crypt:3  | Found an ancient bone altar of Kikubaaqudgha.
 20974 | Tomb:1   | Entered Level 1 of the Tomb of the Ancients
 21044 | Tomb:1   | Reached skill level 1 in Hexes
 21048 | Tomb:1   | Reached skill level 1 in Air Magic
 21175 | Tomb:1   | :(
 21296 | Tomb:1   | Gained mutation: You are frail (-10% HP). [a neqoxec]
 21301 | Tomb:1   | Noticed an ancient lich
 21316 | Tomb:1   | Killed an ancient lich
 21329 | Tomb:1   | Reached skill level 5 in Hexes
 21330 | Tomb:1   | Noticed a greater mummy
 21347 | Tomb:1   | Killed a greater mummy
 21439 | Tomb:2   | Noticed Khufu
 21440 | Tomb:2   | Reached skill level 5 in Air Magic
 21441 | Tomb:2   | Noticed a greater mummy
 21441 | Tomb:2   | Noticed a greater mummy
 21441 | Tomb:2   | Noticed a greater mummy
 21441 | Tomb:2   | Noticed a greater mummy
 21441 | Tomb:2   | Noticed a greater mummy
 21445 | Tomb:1   | HP: 11/222 [guardian mummy (6)]
 21527 | Tomb:1   | Killed a greater mummy
 21619 | Tomb:2   | RIP
 21697 | Tomb:2   | HP: 11/225 [greater mummy (22)]
 21700 | Tomb:2   | HP: 4/225 [greater mummy (12)]
 21701 | Tomb:2   | Killed a greater mummy
 21705 | Tomb:2   | HP: 11/225 [greater mummy (4)]
 21722 | Tomb:2   | Killed a greater mummy
 21728 | Tomb:2   | timbw: well
 21746 | Tomb:2   | timbw: fuck sake
 21754 | Tomb:2   | timbw:
 21754 | Tomb:2   | timbw:
 21756 | Tomb:2   | timbw:
 21757 | Tomb:2   | timbw:
 21764 | Tomb:2   | timbw: who does that shit
 21773 | Tomb:2   | Killed a greater mummy
 21781 | Tomb:2   | Killed a greater mummy
 21812 | Tomb:2   | jacquesderrida: That fucker again
 21812 | Tomb:2   | 4thArraOfDagon: FUK
 21884 | Tomb:2   | jacquesderrida: I am pretty sure it's not an invasion of some touched in the head bastards
 21921 | Tomb:2   | jacquesderrida: Is the same unstable degenerate
 21927 | Tomb:1   | Noticed a greater mummy
 21929 | Tomb:1   | Noticed a greater mummy
 21941 | Tomb:2   | Killed a greater mummy
 21941 | Tomb:2   | Reached XP level 24. HP: 217/217 MP: 10/37
 21952 | Tomb:1   | jacquesderrida: Hang yourself already, everyone will be grateful!
 21962 | Tomb:2   | Killed a greater mummy
 21973 | Tomb:1   | jacquesderrida: You shame our family, son
 21973 | Tomb:1   | 4thArraOfDagon: brb
 22038 | Tomb:1   | Noticed a greater mummy
 22073 | Tomb:1   | Killed a greater mummy
 22106 | Tomb:1   | Noticed a greater mummy
 22153 | Tomb:1   | Killed a greater mummy
 22281 | Tomb:1   | Noticed a greater mummy
 22300 | Tomb:1   | Killed a greater mummy
 22392 | Tomb:1   | Noticed a greater mummy
 22434 | Tomb:1   | Killed a greater mummy
 22462 | Tomb:1   | Noticed a greater mummy
 22489 | Tomb:1   | Killed a greater mummy
 22489 | Tomb:1   | Reached skill level 10 in Hexes
 22518 | Tomb:1   | Noticed a greater mummy
 22533 | Tomb:1   | Killed a greater mummy
 22540 | Tomb:1   | Noticed a greater mummy
 22557 | Tomb:1   | Killed a greater mummy
 22566 | Tomb:1   | Noticed a greater mummy
 22576 | Tomb:1   | Killed a greater mummy
 22638 | Tomb:2   | HP: 2/220 [sun demon[a mummy priest] (11)]
 22638 | Tomb:2   | Mangled by a sun demon

Vault maps used:
D:1:      minmay_arrival_semitransparent
D:2:      lemuel_blue_sif_altar, nicolae_ashenzari_panopticon
D:3:      grunt_temple_overflow_champion_of_chaos, minivault_25,
          cheibriados_altar_1, uniq_jessica
D:4:      kennysheep_mini_moat, minitemple, first_bread, uniq_menkaure
D:5:      serial_shops, nicolae_shop_crystal, uniq_sigmund, uniq_pikel
D:6:      nicolae_tso_swordbearing_angel, temple_green, basic_altar
D:7:      enter_ossuary_5, serial_shops, shop, uniq_joseph
D:8:      kennysheep_ying_yang, old_standard_altar, lemuel_round_altar
D:9:      uniq_prince_ribbit1
D:10:     serial_shops, shop
D:11:     lair_0_dummy, serial_shops, shop, hangedman_pestilent_swarm
D:12:     erik_orc_2, bloody_makhleb, uniq_erolcha
D:13:     nicolae_trove_entry_crossroad, enter_bailey_3
D:14:     david_vaults_2, nicolae_ru_sacrificial_ziggurat, uniq_nessos
D:15:     grunt_enter_depths_snipers, serial_shops, nicolae_shop_stone,
          minmay_misc_feat_encased, hangedman_abyss_or_decor_lesser_grid
Lair:1:   hibernation_bobbens
Lair:3:   st_stairs_3, serial_bayou_lake_a, uniq_gastronok
Lair:4:   elwin_shoals_entry_rooms, nicolae_lair_grove_arrangements,
          infiniplex_staircase_pool
Lair:6:   erik_1, minmay_snake_entry_six_corridors, kennysheep_basilisk_garden,
          lemuel_fruit_fields
Lair:7:   st_stairs_3, serial_bayou_shore_a, infiniplex_staircase_pool_2,
          uniq_snorg
Lair:8:   evil_forest, nicolae_slime_entry_slimehenge
Shoals:1: portal_ice_cave_entry_ice_beasts, uniq_nikola
Shoals:2: cheibrodos_shoals_oceanic_diplomacy, nicolae_shoals_seven_spires,
          uniq_polyphemus
Shoals:4: shoals_end_grunt_ice, shoals_ilsuiw_ice,
          nicolae_shoals_arrival_archipelago
Snake:1:  uniq_louise
Snake:2:  grunt_megastairs_4
Snake:3:  serial_bayou_crossing, uniq_aizul, uniq_vashnia
Snake:4:  snake_pit, basic_altar
Slime:4:  uniq_dissolution
Orc:1:    david_defended_altar_orc
Orc:2:    grunt_orc_community_town_hall, grunt_orc_community_big_house_2,
          grunt_orc_community_big_house_1, grunt_orc_community_house_3,
          grunt_orc_community_house_1, grunt_orc_community_house_1,
          grunt_orc_community_house_3, grunt_orc_community_house_2,
          grunt_orc_community_house_2, basic_altar
Elf:1:    elf_arrival_001, serial_shops,
          nicolae_shop_temple_entry_statues_fountains,
          kennysheep_underground_church, uniq_roxanne, uniq_azrael
Elf:2:    lemuel_statue_altar, uniq_agnes
Elf:3:    elf_hall, serial_shops, nicolae_shop_overgrown_old_shop,
          uniq_saint_roka
Vaults:1: ontoclasm_vaults_gateway, ontoclasm_vaults_claustrophobia,
          nicolae_vaults_meeting, dpeg_vaults_monster_box, vaults_room_fours,
          nicolae_vaults_little_squares_3
Vaults:2: nicolae_vaults_little_squares_3, st_quartered_hall, v_misc_19,
          hangedman_vaults_restitches, vaults_room_boxed, v_misc_16,
          vaults_mumra_chevron, vaults_room_grid, v_pattern_4, v_alt_pattern_3,
          hangedman_vaults_impose, hangedman_vaults_maws, vaults_room_corners,
          ontoclasm_vaults_pinch
Vaults:3: hangedman_vaults_corner, nicolae_vaults_twisting_passages,
          hangedman_vaults_unwind, v_misc_30, grunt_vaults_focal,
          v_alt_pattern_2, v_misc_22, nicolae_vaults_three_branches,
          nicolae_vaults_ring_of_whatevers, nicolae_vaults_little_squares_4,
          grunt_vaults_hallway_long, grunt_vaults_hallway_long,
          minmay_crypt_entry_simple_round, nicolae_vaults_little_squares_3,
          vaults_room_stairs_pillars, vaults_dpeg_encased_lava
Vaults:4: v_misc_16, grunt_vaults_twisty, grunt_vaults_funnel,
          dpeg_vaults_monster_row, hangedman_vaults_trim, hangedman_vaults_maws,
          v_pattern_5, vaults_room_grid, nicolae_vaults_little_squares_5,
          nicolae_vaults_statue_guard, serial_shops, shop
Vaults:5: serial_shops
Crypt:1:  basic_altar, moated_statue, grunt_crypt_arrival_split
Crypt:2:  minivault_23, uniq_boris
Crypt:3:  david_glass_crypt, minivault_25, nicolae_crypt_cryptocurrency,
          hex_large, moated_statue, small_chamber_with_monster, st_stairs_8,
          lemuel_mausoleum_altar_kikubaaqudgha
Tomb:2:   uniq_khufu
Abyss:2:  evilmike_abyss_exit_14, hangedman_summoners_spam
Ossuary:  ossuary_zaba_flooded
Bailey:   bailey_polearm_4, bailey
IceCv:    ice_cave_caverns_03

Skill      XL: |  1  2  3  4  5  6  7  8  9 10 11 12 13 14 15 16 17 18 19 20 21 22 23 24 |
---------------+-------------------------------------------------------------------------+-----
Fighting       | 4 5 6 7 10 11 12 15 16 19 21 24 25 | 25.1
Axes           | 5 6 8 9 11 15 17 19 21 23 24 26 | 26.0
Armour         | 3 4 6 9 10 12 13 14 15 17 18 19 | 19.4
Evocations     | 4 |  4.2
Necromancy     | 5 |  5.7
Charms         | 4 5 |  5.4
Spellcasting   | 2 9 10 | 10.0
Translocations | 6 |  6.3
Hexes          | 8 10 | 10.9
Air Magic      | 7 9 |  9.3
Dodging        | |  1.5

Action                   |  1- 3 |  4- 6 |  7- 9 | 10-12 | 13-15 | 16-18 | 19-21 | 22-24 || total
-------------------------+-------+-------+-------+-------+-------+-------+-------+-------++-------
Melee: Hand axe          |    34 |   122 |     8 |       |       |       |       |       ||   164
       War axe           |       |       |   185 |   214 |       |       |       |       ||   399
       Battleaxe         |       |       |       |   313 |    58 |       |       |       ||   371
       Executioner's axe |       |       |       |       |   856 |   924 |   946 |   874 ||  3600
Throw: Throwing net      |       |       |       |       |       |     1 |     1 |       ||     2
 Cast: Regeneration      |       |       |       |       |       |    11 |    76 |    48 ||   135
       Repel Missiles    |       |       |       |       |       |     1 |       |       ||     1
       Apportation       |       |       |       |       |       |       |     1 |    15 ||    16
       Silence           |       |       |       |       |       |       |       |     5 ||     5
       Blink             |       |       |       |       |       |       |       |     2 ||     2
Invok: Berserk           |     4 |     4 |     7 |    20 |    23 |    29 |       |       ||    87
       Trog's Hand       |       |     1 |    10 |    16 |    36 |    16 |       |       ||    79
       Brothers in Arms  |       |       |       |       |     5 |     5 |       |       ||    10
       Burn Spellbooks   |       |       |       |       |     1 |     2 |       |       ||     3
       Sacrifice Essence |       |       |       |       |       |     1 |       |       ||     1
 Abil: Evoke Berserk Rag |       |       |       |       |       |     2 |    20 |     1 ||    23
Evoke: Wand              |       |       |       |    17 |       |    14 |    12 |     5 ||    48
       Deck              |       |       |       |     6 |     1 |     3 |       |       ||    10
       Fan of gales      |       |       |       |     1 |     1 |     2 |       |       ||     4
  Use: Scroll            |       |       |    13 |    18 |    13 |    20 |    15 |     5 ||    84
       Potion            |       |       |     1 |     5 |     4 |    20 |     3 |     8 ||    41
 Stab: Confused          |       |       |       |     1 |       |       |       |       ||     1
       Invisible         |       |       |       |       |     8 |     6 |     3 |       ||    17
       Held in net/web   |       |       |       |       |       |     2 |       |       ||     2
       Distracted        |       |       |       |       |       |     1 |     1 |       ||     2
  Eat: Chunk             |     1 |     6 |    14 |    33 |    31 |     9 |    30 |     1 ||   125
       Meat ration       |       |       |     1 |       |     2 |     3 |       |     3 ||     9
       Fruit             |       |       |       |       |     8 |       |     7 |       ||    15
       Beef jerky        |       |       |       |       |     1 |       |       |     1 ||     2
       Pizza             |       |       |       |       |       |     3 |     2 |       ||     5
       Bread ration      |       |       |       |       |       |     7 |       |       ||     7
       Royal jelly       |       |       |       |       |       |     1 |       |     1 ||     2
